 Dungeon Crawl Stone Soup version 0.21.1-1-g345015fe64 (webtiles) character file.

30497 Oravi the Slinger (level 13, -15/98 HPs)
             Began as a Halfling Hunter on Apr 16, 2018.
             Was a High Priest of Okawaru.
             Killed from afar by Frances (31 damage)
             ... with an iron shot
             ... on level 13 of the Dungeon.
             The game lasted 01:21:22 (19014 turns).

Oravi the Slinger (Halfling Hunter)                Turns: 19014, Time: 01:21:22

Health: -15/98     AC: 14    Str: 18    XL:     13   Next: 89%
Magic:  13/13      EV: 20    Int:  7    God:    Okawaru [*****.]
Gold:   915        SH:  9    Dex: 29    Spells: 12/12 levels left

rFire    . . .     SeeInvis .   b - +10 short sword of Qarghi Keet {pierce, +Rage MR+ Dex+6}
rCold    . . .     Gourm    .   w - +0 buckler
rNeg     + . .     Faith    .   T - +1 ring mail of an ossuary {rElec Int-2 Dex+4}
rPois    .         Spirit   .   D - +0 helmet
rElec    +         Reflect  .   K - +2 cloak
rCorr    +         Harm     .   N - +1 pair of gloves of Claustrophobia {rN+ Str+4}
MR       ++...                  (no boots)
Stlth    ++........             (no amulet)
HPRegen  0.26/turn              J - ring of resist corrosion
MPRegen  0.13/turn              M - ring of protection from magic

@: no status effects
A: small, mutation resistance 1
a: Heroism, Finesse, Renounce Religion, Evoke Berserk Rage


You were on level 13 of the Dungeon.
You worshipped Okawaru.
Okawaru was extremely pleased with you.
You were not hungry.

You visited 2 branches of the dungeon, and saw 14 of its levels.
You also visited: Sewer.

You collected 1070 gold pieces.
You spent 155 gold pieces at shops.

Inventory:

Hand Weapons
 a - a +2 hunting sling
 b - the +10 short sword of Qarghi Keet (weapon) {pierce, +Rage MR+ Dex+6}
   (You found it on level 5 of the Dungeon)

   It inflicts extra damage upon your enemies.
   It affects your dexterity (+6).
   It affects your resistance to hostile enchantments.
   It lets you go berserk.
 d - a +0 rapier of venom
 e - a +0 short sword
Missiles
 h - 38 stones (quivered)
 r - 147 sling bullets
Armour
 c - a +1 leather armour
 k - a +0 troll leather armour {Purgy}
 w - a +0 buckler (worn)
 D - a +0 helmet (worn)
 G - a +4 scale mail of fire resistance
 H - a scarf of spirit shield
 K - a +2 cloak (worn)
 N - the +1 pair of gloves of Claustrophobia (worn) {rN+ Str+4}
   (You acquired it on level 9 of the Dungeon)

   It affects your strength (+4).
   It protects you from negative energy.
 O - a +2 pair of gloves of strength
 T - the +1 ring mail of an ossuary (worn) {rElec Int-2 Dex+4}
   (You found it on level 10 of the Dungeon)

   It affects your intelligence (-2).
   It affects your dexterity (+4).
   It insulates you from electricity.
Jewellery
 n - a +3 amulet of reflection
 v - an uncursed amulet of rage
 y - an uncursed ring of see invisible
 J - a ring of resist corrosion (left hand)
 M - a ring of protection from magic (right hand)
 R - an uncursed ring of ice
 S - an uncursed ring of fire
 U - an uncursed ring of fire
 V - the ring of Guloby {Fire Stlth+}
   (You found it on level 12 of the Dungeon)

   [ring of fire]

   It enhances your fire magic.
   It protects you from fire.
   It makes you vulnerable to cold.
   It makes you more stealthy.
 X - an uncursed ring of fire
Wands
 t - a wand of paralysis (12)
 z - a wand of acid (9)
 A - a wand of flame (34)
 C - a wand of polymorph (15)
 F - a wand of digging (5)
 I - a wand of iceblast (4)
 Q - a wand of disintegration (12)
Scrolls
 g - 7 scrolls of remove curse
 l - 2 scrolls of magic mapping
 m - 12 scrolls of teleportation
 o - 5 scrolls of fear
 p - 3 scrolls of blinking
 s - a scroll of enchant weapon
 x - 2 scrolls of enchant armour
 W - a scroll of amnesia
Potions
 i - 2 potions of flight
 j - a potion of brilliance
 q - a potion of cancellation
 u - 3 potions of magic
 B - a potion of might
 E - a potion of heal wounds
 L - a potion of invisibility {unknown}
 P - a potion of lignification {unknown}
Comestibles
 f - 22 rations
 Y - 9 chunks of flesh


   Skills:
 + Level 12.5 Fighting
 * Level 12.9 Short Blades
 + Level 13.5 Slings
 + Level 7.0 Armour
 + Level 6.8 Dodging
 + Level 1.1 Stealth
 + Level 7.8 Shields


You had 12 spell levels left.
You didn't know any spells.

Dungeon Overview and Level Annotations

Branches:
Dungeon (13/15)            Temple (1/1) D:7            Lair (0/6) D:8
    Orc (0/2) D:11
 Vaults: D:13-14

Altars:
Ashenzari
Cheibriados
Dithmenos
Elyvilon
Fedhas
Gozag
Hepliaklqana
Kikubaaqudgha
Makhleb
Nemelex Xobeh
Okawaru
Qazlal
Ru
Sif Muna
Trog
Uskayaw
Vehumet
Wu Jian
Xom
Yredelemnul
Zin
The Shining One
Beogh

Shops:
D:7 *   D:13 *}%

Annotations:
D:6 Lusmu's ghost, novice TeSu
D:13 Frances


Innate Abilities, Weirdness & Mutations

You are small and have problems with some larger weapons.
You are somewhat resistant to further mutation.


Message History

Frances sneers.
Frances hits you with a mace. The ice devil misses you.
You block the orange demon's attack.
You puncture Frances!
Frances is heavily wounded.
The hellwing closely misses you. You block the hellwing's attack.
You puncture Frances!
Frances is severely wounded.
Frances hits you but does no damage. The ice devil hits you.
The ice devil freezes you!!
* * * LOW HITPOINT WARNING * * *
The orange demon stings you from afar.
* * * LOW HITPOINT WARNING * * *
The hellwing hits you but does no damage.
You block the hellwing's attack. The ice devil misses you.
The orange demon stings you from afar!
* * * LOW HITPOINT WARNING * * *
Frances screams a word of power!
The iron shot hits you!
You die...

#.Y............#
+.Y............+
#.......... ...#
####..##########..#####
............#...(.....#
............#..4.@....#
...........÷#...4.4...#
###...##+##.#####.....#
......# #.÷...@.(...#
......+ #...........#
......# #...........#
####### #...#####...# #
...... ...# # ........
...# # .......... ...#
# [.......... ..# #


You could see Frances and a hellwing.

Vanquished Creatures
  3 vault guards (D:13)
  The ghost of endorz the Bludgeoner, a journeyman MiBe of Trog (D:12)
  7 two-headed ogres
  2 centaur warriors
  An ogre mage (D:13)
  2 deep elf knights (D:13)
  4 ugly things
  Maurice (D:8)
  A cyclops (D:12)
  Psyche (D:12)
  A centaur skeleton (D:11)
  A yaktaur (D:13)
  A tengu conjurer (D:13)
  A troll (D:11)
  Grinder (D:4)
  A hornet (D:9)
  2 hippogriffs
  3 slime creatures (D:5)
  3 wyverns
  27 yaks
  2 shadows
  The ghost of Lusmu the Firebug, an amateur OgFE (D:3)
  Grum (D:8)
  3 vampire mosquitoes
  Menkaure (D:4)
  3 wargs (D:8)
  3 soldier ants
  2 water moccasins
  Purgy (Sewer)
  3 sky beasts
  9 orc warriors
  5 ice beasts
  2 phantoms
  2 black bears
  2 necrophages
  6 ogres
  2 wolves (D:8)
  10 centaurs
  Blork the orc (D:6)
  3 big kobolds
  6 bullfrogs
  A wyvern zombie (D:13)
  5 scorpions
  17 killer bees
  4 wights (D:11)
  2 electric eels (D:11)
  9 howler monkeys
  A bullfrog zombie (D:6)
  4 centaur zombies
  6 crimson imps
  A quasit (D:9)
  7 hounds
  10 jellies
  Crazy Yiuf (D:4)
  13 orc priests
  12 orc wizards
  An iguana (D:8)
  2 bullfrog skeletons
  14 worker ants
  2 hound skeletons (D:4)
  A worker ant zombie (D:7)
  16 adders
  7 gnolls
  3 howler monkey skeletons
  2 oozes (D:5)
  3 adder skeletons
  An adder zombie (D:8)
  6 worms
  2 dart slugs
  7 leopard geckos
  70 orcs
  7 giant cockroaches
  15 goblins
  9 hobgoblins
  4 jackals (D:9)
  A quokka (D:11)
  3 ball pythons
  9 bats
  7 frilled lizards
  2 gnoll zombies (D:8)
  27 kobolds
  2 leopard gecko skeletons
  9 rats
457 creatures vanquished.

Vanquished Creatures (others)
  A fungus (D:5)
  10 toadstools (D:5)
11 creatures vanquished.

Grand Total: 468 creatures vanquished

Notes
Turn   | Place    | Note
-------+----------+-------------------------------------------
     0 | D:1      | Oravi the Halfling Hunter began the quest for the Orb.
     0 | D:1      | Reached XP level 1. HP: 14/14 MP: 1/1
     5 | D:1      | Reached skill level 6 in Slings
    19 | D:1      | Reached XP level 2. HP: 19/19 MP: 2/2
   460 | D:2      | Reached XP level 3. HP: 23/24 MP: 3/3
   527 | D:2      | Reached skill level 1 in Short Blades
   527 | D:2      | Reached skill level 7 in Slings
   637 | D:2      | Reached XP level 4. HP: 29/29 MP: 4/4
  1367 | D:3      | Found Zin's Purification Station.
  1368 | D:3      | Noticed Lusmu's ghost (amateur OgFE)
  1559 | D:3      | Reached XP level 5. HP: 35/35 MP: 5/5
  1878 | D:3      | Found a glowing drain.
  1900 | Sewer    | Entered a sewer
  1929 | Sewer    | Noticed Purgy
  1936 | Sewer    | Killed Purgy
  1936 | Sewer    | Reached skill level 8 in Slings
  1936 | Sewer    | Reached XP level 6. HP: 36/41 MP: 6/6
  2439 | D:3      | Found a snail-covered altar of Cheibriados.
  2439 | D:3      | Noticed an ice beast
  2633 | D:3      | Found a glowing silver altar of Zin.
  2643 | D:3      | Bought a potion of curing for 90 gold pieces
  2702 | D:3      | Found a blossoming altar of Fedhas.
  3050 | D:3      | Reached skill level 1 in Armour
  3604 | D:4      | Found a shattered altar of Ashenzari.
  3693 | D:4      | Reached XP level 7. HP: 46/46 MP: 7/7
  3748 | D:4      | Reached skill level 9 in Slings
  3955 | D:4      | Noticed Menkaure
  3966 | D:4      | Killed Menkaure
  4252 | D:4      | Found a runed door.
  4346 | D:4      | Found a deep blue altar of Sif Muna.
  4514 | D:4      | Reached skill level 10 in Slings
  4514 | D:4      | Reached XP level 8. HP: 54/54 MP: 8/8
  4521 | D:4      | Found a shadowy altar of Dithmenos.
  4674 | D:4      | Noticed Grinder
  4690 | D:4      | Killed Grinder
  5037 | D:5      | Entered Level 5 of the Dungeon
  5037 | D:5      | Noticed a wyvern
  5060 | D:4      | Killed a wyvern
  5060 | D:4      | Reached skill level 11 in Slings
  5653 | D:5      | Reached skill level 5 in Short Blades
  5693 | D:5      | Found an opulent altar of Gozag.
  6008 | D:5      | Noticed a slime creature
  6008 | D:5      | Noticed a slime creature
  6008 | D:5      | Noticed a slime creature
  6032 | D:5      | Killed a slime creature
  6032 | D:5      | Reached skill level 1 in Shields
  6032 | D:5      | Reached XP level 9. HP: 28/59 MP: 9/9
  6226 | D:5      | Killed a slime creature
  6226 | D:5      | Reached skill level 12 in Slings
  6333 | D:5      | Killed a slime creature
  6333 | D:5      | Reached skill level 5 in Fighting
  6705 | D:5      | Got an ancient short sword
  6706 | D:5      | Identified the +10 short sword of Qarghi Keet {pierce, +Rage MR+ Dex+6} (You found it on level 5 of the Dungeon)
  6728 | D:6      | Noticed Blork the orc
  6740 | D:6      | Killed Blork the orc
  7522 | D:6      | Found a shimmering altar of Xom.
  7666 | D:6      | Found an ornate altar of the Wu Jian Council.
  7685 | D:6      | Reached XP level 10. HP: 57/68 MP: 10/10
  7836 | D:6      | Noticed Lusmu's ghost (novice TeSu)
  8133 | D:3      | Killed Lusmu's ghost
  8228 | D:4      | Noticed Crazy Yiuf
  8234 | D:4      | Killed Crazy Yiuf
  8531 | D:7      | Found a radiant altar of Vehumet.
  8551 | D:7      | Identified the Disquisition on Ghastly Confrontation
  8775 | D:7      | Found a staircase to the Ecumenical Temple.
  8840 | Temple   | Entered the Ecumenical Temple
  8959 | Temple   | Became a worshipper of Warmaster Okawaru
  9400 | D:7      | Found a sacrificial altar of Ru.
  9517 | D:7      | Found Pemohup's General Store.
  9525 | D:7      | Bought a potion of heal wounds for 65 gold pieces
 10207 | D:8      | Reached * piety under Okawaru
 10436 | D:8      | Noticed Maurice
 10456 | D:8      | Killed Maurice
 10669 | D:8      | Reached XP level 11. HP: 61/78 MP: 11/11
 10686 | D:8      | Found a staircase to the Lair.
 10939 | D:8      | Noticed Grum
 10953 | D:8      | Reached ** piety under Okawaru
 10958 | D:8      | Killed Grum
 11288 | D:8      | Found a basalt altar of Yredelemnul.
 12200 | D:9      | Identified 2 scrolls of acquirement
 12201 | D:9      | Got a pair of faintly glowing gloves
 12207 | D:9      | Identified the +1 pair of gloves of Claustrophobia {rN+ Str+4} (You acquired it on level 9 of the Dungeon)
 12269 | D:10     | Entered Level 10 of the Dungeon
 12652 | D:10     | Reached *** piety under Okawaru
 12851 | D:10     | Reached skill level 10 in Short Blades
 12959 | D:10     | Noticed a two-headed ogre
 12976 | D:10     | Killed a two-headed ogre
 12976 | D:10     | Received a gift from Okawaru
 13261 | D:10     | Noticed a two-headed ogre
 13272 | D:10     | Killed a two-headed ogre
 13272 | D:10     | Reached **** piety under Okawaru
 13272 | D:10     | Received a gift from Okawaru
 13272 | D:10     | Reached skill level 5 in Armour
 13697 | D:10     | Got a dazzling ring mail
 13708 | D:10     | Identified the cursed +1 ring mail of an ossuary {rElec Int-2 Dex+4} (You found it on level 10 of the Dungeon)
 13758 | D:11     | Found a roughly hewn altar of Beogh.
 13783 | D:11     | Reached skill level 5 in Dodging
 14018 | D:11     | Noticed a brown ugly thing
 14033 | D:11     | Killed a brown ugly thing
 14105 | D:11     | Noticed a two-headed ogre
 14105 | D:11     | Reached skill level 10 in Fighting
 14105 | D:11     | Reached XP level 12. HP: 84/87 MP: 12/12
 14122 | D:11     | Noticed a centaur warrior
 14122 | D:11     | Reached skill level 5 in Shields
 14148 | D:11     | Killed a two-headed ogre
 14148 | D:11     | Reached ***** piety under Okawaru
 14157 | D:11     | Killed a centaur warrior
 14378 | D:11     | Noticed a two-headed ogre
 14415 | D:11     | Killed a two-headed ogre
 15078 | D:11     | Found a staircase to the Orcish Mines.
 15249 | D:11     | Received a gift from Okawaru
 15899 | D:12     | Got a coiled iron ring
 16022 | D:12     | Noticed a two-headed ogre
 16033 | D:12     | Killed a two-headed ogre
 16033 | D:12     | Received a gift from Okawaru
 16047 | D:12     | Noticed endorz's ghost (journeyman MiBe)
 16525 | D:12     | Received a gift from Okawaru
 16587 | D:12     | Noticed Psyche
 16642 | D:12     | Killed Psyche
 16642 | D:12     | Reached XP level 13. HP: 58/95 MP: 13/13
 16656 | D:12     | Received a gift from Okawaru
 17254 | D:12     | Killed endorz's ghost
 17346 | D:12     | Identified the ring of Guloby {Fire Stlth+} (You found it on level 12 of the Dungeon)
 17389 | D:13     | Noticed a centaur warrior
 17416 | D:12     | Killed a centaur warrior
 17751 | D:13     | Found Huacita's Food Emporium.
 17843 | D:13     | Found Fosiebur's Gadget Boutique.
 17901 | D:13     | Noticed a vault guard
 17953 | D:13     | Noticed a vault guard
 18027 | D:13     | Killed a vault guard
 18076 | D:13     | Reached skill level 13 in Slings
 18213 | D:13     | Noticed a vault guard
 18260 | D:13     | Killed a vault guard
 18347 | D:13     | Killed a vault guard
 18583 | D:13     | Noticed a vault guard
 18789 | D:13     | Received a gift from Okawaru
 18824 | D:13     | Found Ovinuq's General Store.
 18997 | D:13     | Noticed Frances
 19014 | D:13     | Killed from afar by Frances

Skill      XL: |  1  2  3  4  5  6  7  8  9 10 11 12 13 |
---------------+----------------------------------------+-----
Slings         | 6 7 8 10 11 12 13 | 13.5
Fighting       | 2 3 4 5 8 10 11 12 | 12.5
Short Blades   | 1 2 3 4 5 7 8 10 12 | 12.9
Armour         | 2 3 4 5 6 7 |  7.0
Dodging        | 3 4 5 6 |  6.8
Shields        | 1 2 4 6 7 |  7.8
Stealth        | |  1.1

Action                   |  1- 3 |  4- 6 |  7- 9 | 10-12 | 13-15 || total
-------------------------+-------+-------+-------+-------+-------++-------
Melee: Short sword       |       |    24 |    21 |   305 |   178 ||   528
       Rapier            |       |       |    25 |       |       ||    25
 Fire: Hunting sling     |    87 |   207 |   367 |   921 |   412 ||  1994
Evoke: Wand              |       |       |       |       |     1 ||     1
  Use: Scroll            |     4 |     7 |     4 |    10 |     4 ||    29
       Potion            |       |     2 |     2 |     2 |     3 ||     9
 Stab: Sleeping          |       |       |       |     1 |       ||     1
       Distracted        |       |       |       |     1 |       ||     1
  Eat: Chunk             |       |     8 |     8 |    22 |     8 ||    46
       Ration            |       |       |     1 |     1 |       ||     2
Armor: Leather armour    |     4 |    15 |     6 |    25 |       ||    50
       Ring mail         |       |       |       |    66 |    33 ||    99
Dodge: Dodged            |    17 |    60 |    72 |   279 |   110 ||   538
Block: Buckler           |       |       |    30 |   164 |    79 ||   273
       Reflection        |       |       |     2 |     2 |       ||     4
